Map: Polka LE

Players

qqq - Winner!

  • Race: Zerg Zerg
  • League: Platinum
  • Spawn Location: 5:00

Massa - Winner!

  • Race: Terran Terran
  • League: Platinum
  • Spawn Location: 5:00

OiKonse

  • Race: Zerg Zerg
  • Spawn Location: 11:00

Freako

  • Race: Zerg Zerg
  • League: Diamond
  • Spawn Location: 11:00

VOD

Have the link to the VOD?

Description

Time

  • Played on: Nov. 23, 2020, 3:45 p.m.
  • Length: 18:58
Show
View Real Time Build Order
Export as new Build Order

qqq Zerg - Winner!

Build Orders: Hatch First 

Get SALT Encoding   

  12  0:00  Drone  
  13  0:08  Drone  
  14  0:20  Overlord  
  14  0:44  Hatchery  
  14  0:48  Drone  
  14  0:53  Drone  
  15  1:02  Drone  
  16  1:14  Spawning Pool  
  16  1:16  Extractor  
  16  1:17  Drone  
  15  1:22  Drone  
  16  1:27  Drone  
  16  1:31  Drone  
  18  1:42  Drone  
  19  1:53  Drone  
  20  2:01  Queen  
  20  2:03  Queen  
  20  2:08  Drone  
  25  2:09  Drone  
  25  2:11  Drone  
  27  2:16  Zergling x2  
  27  2:21  Overlord  
  28  2:27  Metabolic Boost  
  28  2:34  Overlord  
  28  2:43  Baneling Nest  
  27  2:44  Drone  
  27  2:45  Drone  
  29  2:54  Zergling x2  
  29  2:55  Zergling x2  
  31  3:04  Zergling x2  
  32  3:05  Zergling x2  
  32  3:06  Zergling x2  
  34  3:23  Zergling x4  
  34  3:25  Drone  
  37  3:30  Baneling x4  
  37  3:33  Hatchery, Zergling x4  
  38  3:41  Zergling x6  
  41  3:44  Zergling x2  
  42  3:53  Zergling x4  
  42  3:55  Overlord  
  43  4:12  Overlord x2  
  43  4:21  Zergling x6  
  42  4:33  Zergling x2  
  42  4:35  Zergling x4  
  42  4:36  Zergling x10  
  50  4:45  Zergling x8  
  52  4:46  Zergling x2  
  52  4:54  Queen  
  52  4:59  Zergling x2  
  51  5:00  Zergling x4  
  51  5:14  Spore Crawler  
  51  5:17  Spore Crawler  
  51  5:18  Drone x2  
  52  5:21  Zergling x8  
  52  5:23  Drone  
  54  5:39  Spore Crawler  
  54  5:41  Spine Crawler  
  52  5:45  Drone x2  
  52  5:46  Drone  
  52  5:47  Zergling x4  
  41  6:16  Queen  
  41  6:17  Drone x3  
  41  6:18  Drone x2  
  42  6:19  Spine Crawler  
  42  6:25  Lair  
  40  6:31  Drone, Spore Crawler  
  40  6:41  Zergling x4  
  40  6:42  Drone x3  
  40  6:43  Drone  
  40  6:45  Drone  
  47  6:51  Queen  
  49  7:00  Spore Crawler  
  48  7:05  Drone  
  48  7:06  Drone x3  
  48  7:07  Spine Crawler  
  48  7:08  Spine Crawler  
  50  7:10  Spore Crawler  
  50  7:11  Zergling x2  
  50  7:12  Zergling x4  
  52  7:27  Queen  
  52  7:43  Drone x2  
  52  7:44  Drone x3  
  55  7:45  Drone  
  58  7:52  Spine Crawler, Spore Crawler  
  56  8:03  Queen  
  56  8:08  Drone x4  
  60  8:13  Spore Crawler x2  
  60  8:17  Spire  
  60  8:18  Spore Crawler  
  53  8:26  Drone  
  54  8:27  Spine Crawler  
  54  8:28  Spine Crawler x2  
  54  8:29  Spine Crawler x2  
  54  8:30  Spine Crawler  
  40  8:49  Drone  
  40  8:50  Drone x2  
  40  8:51  Extractor  
  40  8:52  Drone, Extractor  
  40  8:53  Drone x2  
  42  8:59  Extractor  
  40  9:27  Hatchery, Drone x3  
  42  9:32  Spine Crawler  
  42  9:33  Spine Crawler x2  
  42  9:35  Mutalisk x5, Infestation Pit  
  42  9:36  Mutalisk  
  50  9:40  Mutalisk  
  52  9:58  Overlord  
  52  9:59  Overlord x2  
  50  10:17  Mutalisk x4  
  58  10:29  Mutalisk  
  58  10:33  Zerg Flyer Weapons Level 1  
  60  10:48  Drone  
  61  10:57  Mutalisk, Hive  
  61  10:58  Drone  
  61  10:59  Queen  
  61  11:02  Spore Crawler  
  65  11:17  Mutalisk x2  
  65  11:19  Drone x2  
  67  11:29  Mutalisk  
  69  11:39  Drone x2  
  71  11:41  Spore Crawler  
  71  11:43  Spine Crawler  
  69  11:56  Drone x2  
  71  12:07  Drone  
  72  12:10  Hatchery  
  72  12:12  Mutalisk x2  
  72  12:13  Viper  
  78  12:18  Viper  
  78  12:22  Drone  
  82  12:23  Hatchery  
  81  12:37  Spine Crawler  
  81  12:39  Mutalisk  
  82  12:54  Overlord  
  82  12:55  Overlord x7  
  82  12:59  Zerg Flyer Armor Level 1  
  82  13:13  Drone x5  
  82  13:17  Mutalisk x2  
  91  13:26  Drone x2  
  93  13:30  Mutalisk x2  
  97  13:38  Viper  
  97  13:39  Drone x3  
  103  13:42  Zergling x4  
  105  13:51  Queen  
  105  13:53  Spore Crawler  
  106  13:55  Drone x2, Spore Crawler  
  106  13:56  Drone x2  
  108  14:12  Mutalisk x3  
  108  14:13  Mutalisk  
  116  14:17  Drone x3  
  116  14:18  Drone x3  
  116  14:21  Spore Crawler  
  121  14:24  Drone  
  122  14:41  Viper  
  122  14:42  Mutalisk  
  122  14:44  Drone x2  
  122  14:45  Drone x4  
  133  14:48  Overlord x4  
  133  15:15  Mutalisk x3  
  118  15:57  Extractor  
  118  15:58  Extractor  
  118  16:00  Spine Crawler  
  118  16:02  Spine Crawler, Viper  
  118  16:03  Mutalisk x3  
  123  16:04  Zergling x2  
  123  16:05  Zergling x16  
  123  16:06  Drone x6  
  123  16:09  Extractor  
  137  16:11  Extractor  
  137  16:12  Spine Crawler  
  131  16:48  Mutalisk  
  131  16:49  Zergling x2  
  131  16:50  Zergling x14  
  133  17:05  Mutalisk  
  133  17:06  Mutalisk x2  
  139  17:19  Zergling x6  
  138  17:31  Baneling x12  
  138  17:32  Baneling  
  138  17:37  Zergling x2  
  138  17:38  Zergling x6, Overlord x2  
  133  17:53  Hatchery  
  127  18:00  Zergling x12  
  127  18:01  Drone x3  
  136  18:22  Drone x3  
  136  18:24  Extractor  
  136  18:25  Extractor  
  137  18:35  Hatchery  
Show
View Real Time Build Order
Export as new Build Order

Massa Terran - Winner!

Build Orders:  

Get SALT Encoding   

  12  0:00  SCV  
  13  0:12  SCV  
  14  0:24  SCV, Supply Depot  
  15  0:45  SCV  
  15  0:47  Refinery  
  15  0:49  Barracks  
  16  0:57  SCV  
  17  1:09  Refinery, SCV  
  18  1:22  SCV  
  19  1:34  SCV  
  20  1:45  Marine  
  20  1:46  SCV  
  22  1:49  Factory  
  22  1:59  Orbital Command  
  22  2:13  Barracks Tech Lab  
  22  2:19  Command Center  
  22  2:27  SCV  
  23  2:34  Supply Depot  
  23  2:37  Stimpack  
  23  2:56  Hellion, Marine  
  26  2:58  SCV  
  27  3:08  Barracks  
  27  3:10  SCV  
  28  3:13  Marine  
  28  3:16  Starport  
  28  3:18  Hellion  
  31  3:23  Barracks  
  31  3:39  Hellion  
  33  3:45  SCV  
  33  3:47  Orbital Command  
  34  3:53  Medivac  
  36  3:56  Barracks Reactor  
  36  3:57  SCV  
  36  4:00  Widow Mine  
  39  4:09  SCV  
  38  4:31  Widow Mine  
  36  4:44  SCV x2  
  36  4:45  Starport Tech Lab  
  36  4:47  Marine x2  
  36  4:49  Combat Shield  
  36  4:51  Marauder  
  36  4:52  Barracks Reactor, Hellion  
  42  4:55  Refinery  
  42  4:56  SCV  
  43  5:00  SCV  
  43  5:05  Marine x2  
  46  5:16  Engineering Bay  
  46  5:19  Supply Depot  
  46  5:21  Supply Depot  
  46  5:29  Refinery  
  46  5:41  Hellion, Marauder, Marine x4  
  56  5:42  SCV x2  
  56  5:45  Supply Depot  
  56  5:54  SCV x2  
  58  5:58  Marine x2  
  58  6:00  Missile Turret  
  58  6:02  Missile Turret  
  58  6:03  Hellion  
  62  6:05  Missile Turret  
  62  6:07  SCV x2, Marauder  
  62  6:09  Supply Depot  
  62  6:10  Missile Turret  
  66  6:12  Missile Turret  
  66  6:15  Banshee, Missile Turret  
  69  6:19  SCV  
  70  6:30  Supply Depot x2  
  70  6:31  Widow Mine, SCV, Marauder, Marine x3  
  66  6:58  Widow Mine  
  66  7:13  Medivac  
  66  7:15  Cloaking Field  
  66  7:16  Marine  
  66  7:17  Marauder, Marine x3  
  66  7:20  Widow Mine  
  74  7:27  Command Center  
  74  7:32  Factory  
  74  7:34  Marine  
  75  7:38  Marauder  
  75  7:39  Barracks  
  75  7:43  Barracks  
  77  7:45  Widow Mine  
  77  8:06  Widow Mine  
  77  8:07  Marauder, Marine x3  
  77  8:08  Marine  
  81  8:16  Medivac  
  82  8:27  Widow Mine  
  82  8:30  Barracks Tech Lab  
  84  8:41  Factory Tech Lab  
  84  8:44  Barracks Reactor, Barracks Tech Lab  
  84  8:45  Marine x2  
  84  8:46  Marine x2, Medivac  
  90  8:49  Widow Mine  
  92  8:57  Missile Turret  
  92  9:01  Missile Turret  
  90  9:03  Marine x3  
  90  9:09  Supply Depot  
  93  9:10  Widow Mine  
  93  9:11  Terran Infantry Weapons Level 1  
  93  9:15  Armory  
  95  9:19  Engineering Bay  
  95  9:21  Marauder, Marine  
  98  9:30  Siege Tank  
  99  9:32  Supply Depot  
  92  9:55  Supply Depot  
  92  9:57  Concussive Shells  
  92  9:59  Marauder x2  
  89  10:00  Marine x2  
  82  10:13  Marine x2  
  74  10:19  Supply Depot  
  74  10:20  SCV x2  
  74  10:21  Marauder x2  
  82  10:26  Orbital Command  
  80  10:32  SCV x2  
  82  10:41  Siege Tank  
  82  10:42  Marauder x2, Supply Depot  
  89  10:54  Missile Turret  
  89  10:56  Marine x6  
  95  11:04  Marauder x2  
  97  11:13  Marine  
  97  11:14  Marine x2  
  97  11:15  Missile Turret  
  97  11:16  Marine x3  
  103  11:19  Widow Mine  
  103  11:24  Marine  
  103  11:25  Marauder, Missile Turret  
  108  11:31  Marine x2  
  110  11:33  Sensor Tower  
  110  11:42  Factory  
  110  11:43  Marauder, Factory  
  110  11:44  Marine x4  
  110  11:46  Marauder  
  120  11:48  Siege Tank  
  120  11:49  Marine x2  
  120  11:52  Missile Turret  
  123  11:55  Medivac  
  123  11:57  SCV  
  126  12:02  SCV x2  
  126  12:04  Marauder  
  130  12:09  SCV  
  130  12:11  Missile Turret  
  130  12:13  Marine x2  
  133  12:16  Terran Infantry Armor Level 1  
  133  12:20  Terran Infantry Weapons Level 2  
  133  12:27  Factory Reactor  
  133  12:29  Factory Tech Lab  
  133  12:36  Supply Depot  
  133  12:39  Supply Depot  
  133  12:58  SCV x3, Marine x3, Medivac  
  141  13:00  Siege Tank  
  141  13:01  Supply Depot  
  141  13:03  Supply Depot  
  141  13:10  Widow Mine x3, SCV  
  148  13:15  Drilling Claws  
  148  13:17  Smart Servos  
  148  13:19  Terran Vehicle And Ship Armor Level 1  
  148  13:23  Armory  
  148  13:25  Supply Depot  
  148  13:31  Widow Mine  
  148  13:32  Widow Mine x2  
  148  13:33  Widow Mine  
  156  13:39  Command Center  
  156  13:50  Supply Depot  
  156  13:51  Missile Turret  
  156  13:53  Widow Mine x3  
  162  13:56  Refinery  
  162  13:58  Refinery  
  162  13:59  Widow Mine  
  164  14:11  Missile Turret  
  164  14:13  Terran Infantry Armor Level 2, Supply Depot  
  164  14:14  Widow Mine x2  
  164  14:15  Widow Mine  
  170  14:17  Medivac  
  170  14:20  Widow Mine  
  174  14:31  Sensor Tower  
  174  14:36  Widow Mine x3  
  174  14:37  Supply Depot  
  180  14:47  Medivac  
  182  14:59  Marine x2  
  184  15:00  Marauder x2, Marine x4  
  184  15:05  Terran Infantry Weapons Level 3  
  184  15:07  Siege Tank  
  195  15:08  Siege Tank  
  198  15:17  Marine x2  
  196  16:25  Marauder x2, Marine x3  
  129  16:26  Marine x3  
  129  16:29  Siege Tank x2  
  129  16:30  Widow Mine x2  
  84  16:43  Marine x3  
  84  16:46  Orbital Command, Marauder x2  
  91  16:48  SCV x3  
  91  16:51  Widow Mine  
  91  16:52  Widow Mine  
  98  16:56  Marine  
  98  16:57  Marine x2, Missile Turret  
  98  17:00  SCV, Missile Turret  
  98  17:01  Marine x3, Medivac, Siege Tank x2  
  106  17:08  Marauder x2  
  117  17:13  Widow Mine  
  117  17:14  Marine x3  
  122  17:19  Marine, Missile Turret  
  123  17:23  Missile Turret  
  123  17:29  Marauder x2  
  127  17:31  Medivac  
  127  17:33  Siege Tank x2  
  132  17:41  Missile Turret  
  120  17:44  Marine  
  120  17:45  Marine x3, Missile Turret  
  120  17:50  Marauder  
  120  17:51  Marauder  
  115  17:59  Marine x2  
  115  18:01  Medivac  
  115  18:02  Widow Mine x2, Marine  
  115  18:03  Marine x3  
  115  18:05  Siege Tank x2  
  133  18:12  Marauder x2  
  137  18:17  Marine x2  
  139  18:20  Marine x3  
  139  18:21  Marine  
  139  18:23  Widow Mine  
  139  18:24  Widow Mine  
  139  18:26  Barracks x2  
  147  18:33  Marauder x2  
  151  18:35  Marine x2  
Show
View Real Time Build Order
Export as new Build Order

OiKonse Zerg 

Build Orders: Pool First 

Get SALT Encoding   

  12  0:00  Drone  
  13  0:09  Drone  
  14  0:26  Overlord  
  14  0:30  Extractor, Drone  
  15  0:45  Drone x2  
  15  0:49  Drone  
  18  1:02  Drone  
  19  1:09  Extractor  
  18  1:13  Drone  
  19  1:21  Spawning Pool  
  19  1:22  Hatchery, Drone  
  18  1:34  Drone  
  19  1:43  Drone  
  20  1:54  Extractor  
  20  1:55  Drone  
  20  2:06  Drone  
  21  2:15  Lair  
  21  2:16  Drone  
  22  2:30  Overlord  
  22  2:33  Queen  
  22  2:35  Drone  
  25  2:51  Drone x2  
  25  2:52  Drone  
  28  3:04  Overlord  
  28  3:05  Drone  
  29  3:13  Spire  
  28  3:22  Queen  
  28  3:23  Overlord  
  28  3:25  Zergling x4  
  28  3:26  Zergling x2  
  33  3:35  Zergling x2  
  33  3:36  Zergling x2  
  36  3:41  Drone  
  36  3:44  Metabolic Boost  
  36  3:56  Overlord  
  36  4:04  Spine Crawler  
  35  4:10  Zergling x2  
  35  4:12  Overlord x2  
  23  4:29  Mutalisk  
  23  4:30  Mutalisk x3  
  27  4:47  Drone x4  
  31  4:53  Mutalisk  
  30  5:15  Drone  
  30  5:16  Drone x2  
  33  5:33  Drone x3  
  36  5:41  Mutalisk  
  37  6:15  Drone  
  37  6:16  Drone x7  
  45  6:24  Zerg Flyer Weapons Level 1  
  45  6:32  Drone  
  46  6:33  Drone  
  32  7:04  Mutalisk  
  32  7:05  Mutalisk  
  36  7:08  Drone  
  36  7:09  Drone  
  38  7:41  Drone  
  38  7:42  Drone x2  
  41  7:50  Drone x6  
  41  7:51  Drone  
  48  8:12  Drone  
  48  8:13  Drone x4  
  42  8:32  Drone x4  
  46  8:39  Extractor  
  46  8:40  Extractor  
  44  8:50  Drone x3  
  44  8:51  Drone x4  
  50  8:59  Drone  
  51  9:07  Drone  
  52  9:12  Mutalisk x4  
  58  9:28  Zergling x2  
  58  9:30  Zergling x2  
  60  9:34  Overlord x2  
  60  9:35  Overlord x2  
  60  9:39  Hatchery  
  60  9:43  Overlord  
  57  10:00  Mutalisk  
  57  10:01  Mutalisk x4  
  57  10:04  Drone x2  
  69  10:13  Zerg Flyer Weapons Level 2  
  69  10:17  Mutalisk  
  71  10:25  Drone x3  
  74  10:30  Mutalisk  
  74  10:34  Drone x2  
  78  10:47  Mutalisk  
  78  10:48  Mutalisk x2  
  84  10:51  Drone x2  
  86  11:04  Extractor  
  81  11:20  Drone  
  81  11:21  Drone x5  
  87  11:50  Zergling x8, Spire  
  87  11:51  Evolution Chamber  
  87  11:52  Evolution Chamber  
  88  11:57  Hatchery  
  88  12:00  Hatchery, Mutalisk x3  
  92  12:04  Extractor, Drone  
  92  12:05  Drone, Hatchery  
  92  12:14  Overlord x2  
  92  12:15  Mutalisk  
  94  12:18  Drone x2  
  96  12:24  Drone  
  97  12:37  Queen  
  98  12:48  Overseer  
  97  12:54  Drone x11  
  104  13:11  Pneumatized Carapace  
  104  13:12  Zerg Melee Weapons Level 1, Zerg Ground Armor Level 1  
  104  13:16  Zerg Flyer Armor Level 1  
  104  13:18  Baneling Nest  
  103  13:20  Infestation Pit  
  102  13:29  Queen  
  102  13:31  Drone  
  102  13:32  Drone x11  
  116  13:37  Mutalisk  
  116  13:38  Mutalisk  
  120  13:51  Mutalisk  
  120  13:52  Mutalisk x4  
  126  14:20  Hive  
  124  14:42  Infestor  
  124  14:43  Infestor x3  
  132  14:46  Mutalisk  
  132  14:47  Zergling x2  
  132  14:48  Zergling x8  
  132  14:50  Overlord x5  
  132  14:51  Overlord x10  
  139  14:59  Extractor  
  138  15:00  Extractor  
  138  15:01  Zergling x4  
  82  15:39  Drone  
  82  15:40  Drone x20  
  101  15:57  Centrifical Hooks  
  101  15:59  Zergling x2  
  101  16:00  Zergling x20  
  103  16:16  Zergling x14  
  90  16:29  Zergling x2  
  90  16:30  Zergling x12  
  88  16:58  Hatchery  
  87  17:02  Hatchery  
  85  17:10  Overseer  
  85  17:12  Hatchery  
  79  17:30  Viper x3  
  79  17:32  Mutalisk  
  79  17:33  Mutalisk x8  
  79  17:36  Drone  
  79  17:37  Drone x2  
  108  17:59  Mutalisk  
  108  18:00  Mutalisk x4  
Show
View Real Time Build Order
Export as new Build Order

Freako Zerg 

Build Orders: 3 Hatch before Pool, Lurkers 

Get SALT Encoding   

  12  0:01  Drone  
  13  0:12  Overlord  
  13  0:17  Drone  
  14  0:31  Drone x2  
  16  0:36  Drone  
  17  0:46  Drone  
  18  1:02  Hatchery  
  17  1:18  Hatchery  
  17  1:21  Drone  
  17  1:24  Drone  
  18  1:28  Drone  
  18  1:31  Extractor  
  18  1:43  Spawning Pool  
  17  1:47  Drone  
  17  1:51  Drone  
  19  1:54  Drone  
  20  2:11  Drone  
  21  2:16  Drone  
  21  2:17  Drone  
  23  2:31  Queen  
  23  2:32  Queen  
  23  2:34  Drone x2  
  29  2:39  Queen  
  29  2:43  Drone  
  32  2:45  Drone  
  32  2:48  Drone  
  34  2:58  Overlord  
  34  3:03  Roach Warren  
  33  3:09  Lair  
  33  3:10  Drone  
  34  3:18  Drone x2  
  34  3:19  Drone x2  
  38  3:38  Spine Crawler  
  38  3:40  Spine Crawler  
  36  3:43  Roach x3  
  36  3:45  Overlord x2  
  42  3:53  Overlord  
  42  4:04  Roach x5  
  48  4:20  Roach  
  48  4:21  Roach x2  
  52  4:27  Roach  
  52  4:28  Zergling x2  
  52  4:29  Zergling x8  
  51  4:35  Roach  
  53  4:44  Roach  
  45  4:58  Roach  
  45  5:02  Roach  
  45  5:03  Drone x2  
  45  5:04  Drone x2  
  45  5:06  Extractor  
  50  5:07  Extractor  
  49  5:28  Hatchery  
  48  5:41  Drone x7  
  55  5:43  Drone x5  
  59  6:14  Overlord x3  
  57  6:21  Queen  
  59  6:32  Queen  
  61  6:44  Glial Reconstitution  
  61  6:46  Roach x3  
  61  6:47  Roach x8  
  83  6:59  Roach x2  
  86  7:16  Roach  
  86  7:17  Roach  
  86  7:19  Overlord x2  
  90  7:37  Ravager  
  90  7:38  Ravager x6  
  90  7:39  Zergling x2  
  90  7:40  Zergling x8  
  90  7:43  Drone  
  95  8:08  Drone x2  
  95  8:09  Drone x2  
  98  8:23  Roach  
  98  8:24  Roach x3  
  98  8:26  Overlord x2  
  100  8:44  Roach  
  100  8:45  Roach x4  
  108  8:55  Drone x3  
  111  8:57  Drone  
  111  8:58  Queen  
  114  9:06  Infestation Pit  
  114  9:07  Drone, Hydralisk Den  
  114  9:08  Drone  
  114  9:09  Evolution Chamber  
  113  9:25  Zergling x2  
  113  9:26  Overlord  
  113  9:27  Overlord  
  71  10:18  Hydralisk x14  
  95  10:25  Drone  
  95  10:26  Drone x2  
  91  10:49  Extractor, Queen  
  92  10:50  Hydralisk  
  92  10:51  Extractor, Hydralisk x3  
  92  10:53  Zergling x2  
  92  10:54  Zergling x4  
  102  10:57  Hatchery  
  102  11:03  Drone x2  
  103  11:04  Drone, Baneling Nest  
  103  11:05  Drone x3  
  103  11:06  Drone x4  
  110  11:21  Drone  
  110  11:22  Extractor  
  110  11:24  Drone x5  
  115  11:30  Overseer x2  
  115  11:38  Hydralisk x3  
  121  11:40  Overlord x3  
  121  11:44  Spore Crawler  
  121  11:47  Hydralisk x2, Spore Crawler  
  121  11:55  Metabolic Boost  
  121  11:58  Zerg Missile Weapons Level 1  
  121  12:09  Drone x3  
  121  12:11  Drone x2  
  121  12:12  Drone x6  
  132  12:16  Drone  
  133  12:37  Grooved Spines  
  133  12:44  Drone x3  
  133  12:45  Queen  
  133  12:46  Extractor x2  
  133  12:48  Lair  
  136  13:12  Centrifical Hooks  
  136  13:21  Lurker Den  
  136  13:25  Hydralisk x5  
  136  13:26  Hydralisk x3, Evolution Chamber  
  150  13:27  Zergling x4  
  150  13:28  Overlord  
  150  13:29  Overlord x7  
  152  13:49  Muscular Augments  
  152  13:54  Drone x4  
  152  13:55  Drone x3  
  159  13:56  Spore Crawler  
  159  13:57  Hatchery  
  159  14:01  Spore Crawler  
  159  14:02  Hydralisk x4  
  158  14:03  Hydralisk x5  
  158  14:08  Zerg Missile Weapons Level 2  
  158  14:09  Zerg Ground Armor Level 1  
  174  14:20  Hive  
  174  14:25  Lurker x2  
  174  14:26  Lurker x5  
  174  14:30  Zergling x26  
  194  14:53  Baneling  
  194  14:54  Baneling x23  
  194  14:55  Baneling x2  
  194  14:57  Zergling x2  
  194  14:58  Zergling x10  
  146  16:35  Hydralisk x15  
  146  16:36  Hydralisk x4, Zergling x2  
  146  16:37  Zergling x6  
  165  16:45  Drone  
  165  16:46  Drone  
  160  16:57  Drone  
  160  16:58  Drone x4  
  160  17:01  Drone  
  166  17:23  Zergling x16  
  173  17:31  Spore Crawler  
  173  17:32  Spore Crawler  
  173  17:33  Spore Crawler x2  
  173  17:35  Drone x3, Spore Crawler x2  
  173  17:36  Drone x4  
  91  18:00  Hydralisk  
  91  18:01  Hydralisk x10  
  113  18:06  Baneling x3  
  113  18:07  Baneling x13  
  113  18:10  Drone x3  
  116  18:13  Drone x3  
  117  18:38  Hatchery  
Tags
 
Add a new tag
Caveats
  • Supply blocks, unpowered buildings, or Contaminate may cause inaccurate times.
  • Supply counts are checked every 10 seconds.